 Dungeon Sprint DCSS version 0.18-a0-1390-gc02854d (webtiles) character file.

1883 Kidiri the Covert (level 8, -1/42 HPs)
             Began as a Spriggan Enchanter on Feb 22, 2016.
             Was an Initiate of Dithmenos.
             Slain by a tentacle (17 damage)
             ... attached to a kraken
             ... in the Dungeon (Sprint II: "The Violet Keep of Menkaure").
             The game lasted 00:09:47 (1418 turns).

Kidiri the Covert (Spriggan Enchanter)              Turns: 1418, Time: 00:09:47

Health: -1/42      AC:  3    Str:  4    XL:     8   Next: 92%
Magic:  21/23      EV: 27    Int: 18    God:    Dithmenos [......]
Gold:   178        SH:  4    Dex: 17    Spells: 8 memorised, 4 levels left

rFire  x . .     SeeInvis +     a - +1 dagger
rCold  + . .     Gourm    .     b - +1 robe
rNeg   . . .     Faith    .     (shield restricted)
rPois  .         Spirit   .     (helmet restricted)
rElec  .         Dismiss  .     (no cloak)
rCorr  .         Reflect  +     (gloves unavailable)
SustAt .         Harm     .     (boots unavailable)
MR     +....     NoTele   +     t - +4 amulet of reflection
Stlth  ++++++....               (no ring)
                                w - ring of ice

@: very slightly contaminated, very quick, somewhat resistant to hostile
enchantments, very stealthy
A: unfitting armour, see invisible, herbivore 3, speed 3, slow metabolism 2
a: Renounce Religion


You were in the Dungeon.
You worshipped Dithmenos.
Dithmenos was noncommittal.
You were not hungry.

You visited 1 branch You collected 1209 gold pieces.
You spent 1031 gold pieces at shops.

Inventory:

Hand Weapons
 a - a +1 dagger (weapon)
Armour
 b - a +1 robe (worn)
Jewellery
 t - a +4 amulet of reflection (around neck)
 w - a ring of ice (left hand)
Scrolls
 j - a scroll of blinking
 k - 5 scrolls of amnesia {unknown}
 n - 9 scrolls of identify {unknown}
 o - a scroll of enchant armour {unknown}
 q - 2 scrolls of fog {unknown}
 u - 2 scrolls of remove curse {unknown}
Potions
 e - 3 potions of curing
 g - 2 potions of haste
 h - 4 potions of magic
 i - a potion of berserk rage
 l - a potion of heal wounds
 r - 2 potions of might {unknown}
 s - a potion of lignification {unknown}
 v - 3 potions of flight {unknown}
 x - 3 potions of resistance {unknown}
Books
 c - a book of Maledictions

   Spells                             Type                      Level
   a - Corona                         Hexes                        1
   b - Ensorcelled Hibernation        Hexes/Ice                    2
   c - Confuse                        Hexes                        3
   d - Tukima's Dance                 Hexes                        3
   e - Dazzling Spray                 Conjuration/Hexes            3
 f - a book of Burglary

   Spells                             Type                      Level
   a - Swiftness                      Charms/Air                   2
   b - Passwall                       Transmutation/Earth          2
   c - Passage of Golubria            Translocation                4
   d - Lee's Rapid Deconstruction     Earth                        5
   e - Darkness                       Hexes                        6
   f - Invisibility                   Hexes                        6
Comestibles
 d - a bread ration
 m - 3 fruits
 p - 2 slices of pizza


   Skills:
 + Level 4.3 Fighting
 * Level 9.0 Short Blades
 + Level 4.1 Armour
 * Level 11.7 Dodging
 * Level 12.9 Stealth
 * Level 10.2 Spellcasting
 + Level 3.5 Conjurations
 + Level 7.5 Hexes
 + Level 0.0 Translocations
 + Level 0.0 Transmutations
 + Level 3.9 Ice Magic
 + Level 0.0 Earth Magic
 + Level 0.0 Invocations


You had 4 spell levels left.
You knew the following spells:

 Your Spells              Type           Power        Failure   Level  Hunger
a - Corona                Hex            #####..      1%          1    None
b - Ensorcelled Hibernat  Hex/Ice        #####.       1%          2    None
c - Confuse               Hex            #####...     1%          3    None
d - Tukima's Dance        Hex            #####...     1%          3    None
e - Dazzling Spray        Conj/Hex       ####....     2%          3    None
f - Passwall              Trmt/Erth      #.........   12%         2    None
g - Passage of Golubria   Tloc           N/A          78%         4    ###....
h - Lee's Rapid Deconstr  Erth           #.........   99%         5    #####..


Dungeon Overview and Level Annotations

Branches:
Dungeon (1/1)

Altars:
Cheibriados
Dithmenos
Elyvilon
Fedhas
Gozag
Kikubaaqudgha
Makhleb
Nemelex Xobeh
Okawaru
Pakellas
Qazlal
Ru
Sif Muna
Trog
Vehumet
Xom
Yredelemnul
Zin
The Shining One
Beogh
Jiyva
Lugonu

Shops:
D ((:(!:=!}%[=%[!?

Annotations:
D exclusions: oklob plant and orange crystal statue


Innate Abilities, Weirdness & Mutations

You are tiny and cannot use many weapons and most armour.
You have supernaturally acute eyesight.
You are an herbivore.
You cover ground extremely quickly.
You need consume almost no food.


Message History

Press: ? - help, v - describe, . - travel A translucent unnaturally hard rock wall.
You see here a hunting sling.
You see here a short sword.
There is an open door here.
Casting: Ensorcelled Hibernation
Confirm with . or Enter, or press ? or * to list all spells.
Aiming: Ensorcelled Hibernation
Press: ? - help, Shift-Dir - straight line, f/p - kraken
Aim: a kraken (water, chance to defeat MR: 34%)
You feel a surge of power!
You miscast Ensorcelled Hibernation.
You are very lightly contaminated with residual magic.
Nothing appears to happen.
Tentacles burst out of the water! 2 tentacles come into view.
You see here 8 poisoned needles.
You see here 23 stones.
The tentacle slaps you!!
Ouch! That really hurt!
The tentacle slaps you!
You die...

# ▓▓+▓▓▓▓.▓ # +§.§▓0..▓
#..§▓▓▓▓▓▓▓▓▓▓
#§§§▓≈≈≈§§≈≈≈▓▓
#)§▓▓▓▓▓▓▓▓▓▓▓
#§}▓......))▓▓ #.
#§:▓.....([.▓▓ ###
+.####|§▓.((..)).▓▓ ..#
...####▓..@.()(.▓▓ ..##
#..##.#▓(..w).).▓▓ #..#
+..#).#▓...│(.).▓▓ #..#
#..#.%#▓....\(..▓▓
+..####..##.#▓.....\.)▓▓
#....###..(##▓▓▓▓▓▓▓\▓▓▓▓+▓
#......≈≈≈≈)≈≈≈≈≈≈≈≈.─*Xw≈▓
≈≈.§...≈#+########+###ww≈≈▓
≈≈≈≈≈..≈#_._.....#≈≈§##≈≈≈▓


You could see a kraken and 3 tentacles.

Vanquished Creatures
  A siren (D)
  A yaktaur (D)
  3 polar bears (D)
  2 hippogriffs (D)
  4 necrophages (D)
  A wasp (D)
  A crocodile (D)
  A scorpion (D)
  3 worms (D)
  A tentacle (D)
18 creatures vanquished.

Vanquished Creatures (others)
  Menkaure (D)
  A crocodile (D)
  19 tentacles (D)
  440 tentacle segments (D)
461 creatures vanquished.

Grand Total: 479 creatures vanquished

Notes
Turn   | Place    | Note
--------------------------------------------------------------
     0 | D        | Kidiri the Spriggan Enchanter began the quest for the Orb.
     0 | D        | Reached XP level 1. HP: 9/9 MP: 5/5
     6 | D        | Reached skill level 5 in Stealth
    15 | D        | Noticed an orange crystal statue
    18 | D        | Reached XP level 2. HP: 14/14 MP: 5/7
    23 | D        | Noticed a crocodile
    24 | D        | Found Ummi's Distillery.
    24 | D        | Found Orhawn's Magic Scroll Emporium.
    25 | D        | Killed a crocodile
    25 | D        | Reached skill level 1 in Fighting
    25 | D        | Reached skill level 1 in Armour
    25 | D        | Reached skill level 5 in Dodging
    25 | D        | Reached skill level 7 in Stealth
    25 | D        | Reached skill level 5 in Spellcasting
    25 | D        | Reached XP level 3. HP: 18/18 MP: 5/10
    25 | D        | Reached XP level 4. HP: 22/22 MP: 6/12
    33 | D        | Learned a level 2 spell: Ensorcelled Hibernation
    37 | D        | Learned a level 3 spell: Confuse
    39 | D        | Killed Menkaure
    41 | D        | Learned a level 3 spell: Tukima's Dance
    45 | D        | Learned a level 3 spell: Dazzling Spray
    73 | D        | Noticed a hippogriff
    73 | D        | Noticed a hippogriff
    76 | D        | Noticed a necrophage
    76 | D        | Noticed a necrophage
    76 | D        | Noticed a necrophage
    76 | D        | Noticed a necrophage
    81 | D        | Killed a necrophage
    81 | D        | Reached skill level 8 in Stealth
    81 | D        | Reached skill level 1 in Conjurations
    81 | D        | Reached skill level 5 in Hexes
    81 | D        | Reached skill level 1 in Ice Magic
    81 | D        | Reached XP level 5. HP: 24/26 MP: 12/14
    91 | D        | Killed a necrophage
    91 | D        | Reached skill level 5 in Short Blades
    91 | D        | Reached skill level 9 in Stealth
    99 | D        | Killed a necrophage
    99 | D        | Reached XP level 6. HP: 27/32 MP: 2/17
   265 | D        | Noticed a siren
   278 | D        | Killed a hippogriff
   278 | D        | Reached skill level 10 in Stealth
   278 | D        | Reached XP level 7. HP: 36/36 MP: 7/19
   281 | D        | Killed a hippogriff
   359 | D        | Killed a siren
   359 | D        | Reached skill level 10 in Dodging
   359 | D        | Reached skill level 11 in Stealth
   359 | D        | Reached XP level 8. HP: 40/42 MP: 20/22
   372 | D        | Noticed a flying skull
   373 | D        | Noticed a flying skull
   373 | D        | Noticed a flying skull
   373 | D        | Noticed a flying skull
   373 | D        | Noticed a flying skull
   373 | D        | Noticed a flying skull
   373 | D        | Noticed a flying skull
   373 | D        | Noticed a flying skull
   374 | D        | Noticed a flying skull
   374 | D        | Noticed a flying skull
   377 | D        | Found Neemnyor's Jewellery Emporium.
   380 | D        | Noticed a flying skull
   385 | D        | Found Dyopamimuo's Food Emporium.
   385 | D        | Found Ulonis's Gadget Shoppe.
   392 | D        | Found Betud's Distillery.
   392 | D        | Found Woihef's Antique Armour Emporium.
   394 | D        | Found Cosmel Hep's Jewellery Shoppe.
   394 | D        | Found Icuvixus's Book Emporium.
   394 | D        | Found Emeuzomm's Antique Armour Shoppe.
   395 | D        | Found Samigo's Food Shoppe.
   398 | D        | Found Pyfihi Igick's Distillery.
   398 | D        | Found Saabir's Antique Weapon Shoppe.
   398 | D        | Noticed an unseen horror
   398 | D        | Noticed an unseen horror
   398 | D        | Noticed an oklob plant
   399 | D        | Found Mavuat's Weapon Shoppe.
   399 | D        | Found Zauckiwiap's Antique Weapon Emporium.
   399 | D        | Found Esmi's Book Shoppe.
   408 | D        | Noticed an iron elemental
   448 | D        | Found a sacrificial altar of Ru.
   448 | D        | Found a basalt altar of Yredelemnul.
   449 | D        | Found a white marble altar of Elyvilon.
   449 | D        | Found a snail-covered altar of Cheibriados.
   449 | D        | Found a roughly hewn altar of Beogh.
   450 | D        | Found a glowing golden altar of the Shining One.
   450 | D        | Found a bloodstained altar of Trog.
   450 | D        | Found a blossoming altar of Fedhas.
   451 | D        | Found an oddly glowing altar of Pakellas.
   451 | D        | Found a viscous altar of Jiyva.
   451 | D        | Found a shimmering altar of Xom.
   451 | D        | Found a sparkling altar of Nemelex Xobeh.
   452 | D        | Found an ancient bone altar of Kikubaaqudgha.
   452 | D        | Found a glowing silver altar of Zin.
   453 | D        | Found a deep blue altar of Sif Muna.
   453 | D        | Found a burning altar of Makhleb.
   454 | D        | Found an iron altar of Okawaru.
   456 | D        | Noticed a yaktaur
   456 | D        | Noticed a polar bear
   457 | D        | Noticed a polar bear
   457 | D        | Noticed a polar bear
   458 | D        | Killed a polar bear
   458 | D        | Reached skill level 12 in Stealth
   459 | D        | Killed a polar bear
   475 | D        | Killed a yaktaur
   475 | D        | Reached skill level 10 in Spellcasting
   476 | D        | Killed a polar bear
   524 | D        | Bought a book of Burglary for 975 gold pieces
   527 | D        | Learned a level 2 spell: Passwall
   532 | D        | Learned a level 4 spell: Passage of Golubria
   538 | D        | Learned a level 5 spell: Lee's Rapid Deconstruction
   562 | D        | Noticed a death yak
   569 | D        | Bought a runed dagger for 56 gold pieces
   611 | D        | Found an opulent altar of Gozag.
   611 | D        | Found a shadowy altar of Dithmenos.
   611 | D        | Found a stormy altar of Qazlal.
   612 | D        | Found a corrupted altar of Lugonu.
   612 | D        | Found a radiant altar of Vehumet.
   621 | D        | Became a worshipper of Dithmenos the Shadowed
   665 | D        | Noticed a kraken
  1418 | D        | Slain by a tentacle

Vault maps used:
D:        the_violet_keep_of_menkaure

Skill      XL: |  1  2  3  4  5  6  7  8 |
---------------+-------------------------+-----
Spellcasting   | 3 5 6 7 8 9 10 | 10.2
Short Blades   | 2 3 4 5 6 7 9 |  9.0
Stealth        | 5 7 8 9 10 11 12 | 12.9
Fighting       | 1 2 3 4 |  4.3
Armour         | 1 2 3 4 |  4.1
Dodging        | 5 7 8 9 10 11 | 11.7
Hexes          | 4 5 6 7 |  7.5
Conjurations   | 1 2 3 |  3.5
Ice Magic      | 1 2 3 |  3.9

Action                   |  1- 3 |  4- 6 |  7- 9 || total
-------------------------+-------+-------+-------++-------
Melee: Dagger            |     4 |    24 |    21 ||    49
 Cast: Confuse           |       |     6 |     4 ||    10
       Ensorcelled Hiber |       |     4 |     9 ||    13
       Dazzling Spray    |       |       |     2 ||     2
  Use: Potion            |       |     1 |     1 ||     2
 Stab: Sleeping          |     4 |     2 |     4 ||    10
       Confused          |       |     3 |     5 ||     8
       Invisible         |       |       |     1 ||     1
